 Dungeon Crawl Stone Soup version 0.20-a0-1126-g0f15420 (webtiles) character file.

1521 Leszczynek the Conjurer (level 8, -14/54 HPs)
             Began as an Octopode Wanderer on May 16, 2017.
             Was a Follower of Sif Muna.
             Demolished by Duvessa
             ... wielding a +3 rapier of draining
              (16 damage)
             ... on level 7 of the Dungeon on May 17, 2017.
             The game lasted 00:36:52 (7125 turns).

Leszczynek the Conjurer (Octopode Wanderer)         Turns: 7125, Time: 00:36:53

Health: -14/54     AC:  6    Str: 18    XL:     8   Next: 84%
Magic:  8/14       EV: 12    Int: 16    God:    Sif Muna [*.....]
Gold:   190        SH:  0    Dex: 13    Spells: 5/15 levels left

rFire    . . .     SeeInvis .   a - +1 whip (venom)
rCold    . . .     Gourm    .   (no shield)
rNeg     . . .     Faith    .   s - +2 hat
rPois    .         Spirit   .   (no amulet)
rElec    .         Reflect  .   r - +3 ring of strength
rCorr    .         Harm     .   x - +3 ring of protection
MR       .....                  (no ring)
Stlth    +++.......             (no ring)
Regen    0.2/turn               (no ring)
MPRegen  0.2/turn               (no ring)
                                (no ring)
                                (no ring)

@: mighty, heavily drained
A: almost no armour, stealthy swim, amphibious, 8 rings, constrict 8, camouflage
1, gelatinous body 1
a: Divine Energy, Renounce Religion


You were on level 7 of the Dungeon.
You worshipped Sif Muna.
Sif Muna was aware of your devotion.
You were not hungry.

You visited 2 branches of the dungeon, and saw 8 of its levels.

You collected 190 gold pieces.

Inventory:

Hand Weapons
 a - a +1 whip of venom (weapon)
 b - a +1 spear of piercing
Missiles
 f - 2 throwing nets
 g - 86 stones (quivered)
Armour
 s - a +2 hat (worn)
Jewellery
 r - a +3 ring of strength (left tentacle)
 x - a +3 ring of protection (right tentacle)
Scrolls
 h - a scroll of blinking {unknown}
 k - 3 scrolls of identify {unknown}
 n - a scroll of magic mapping {unknown}
 p - a scroll of enchant weapon {unknown}
 u - 2 scrolls of teleportation {unknown}
 v - 2 scrolls of remove curse {@r2}
Potions
 c - 3 potions of curing {@q1}
 e - a potion of resistance {unknown}
 j - a potion of agility {unknown}
 m - a potion of might
 o - a potion of brilliance {unknown}
 q - a potion of lignification {unknown}
 z - a potion of haste {unknown}
Books
 i - a book of Minor Magic

   Spells                             Type                      Level
   a - Magic Dart                     Conjuration                  1
   b - Blink                          Translocation                2
   c - Call Imp                       Summoning                    2
   d - Slow                           Hexes                        2
   e - Conjure Flame                  Conjuration/Fire             3
   f - Mephitic Cloud                 Conjuration/Poison/Air       3
Comestibles
 d - 3 bread rations
 l - 5 fruits
 t - 2 meat rations
 w - 2 chunks of flesh


   Skills:
 * Level 3.7(2.5) Fighting
 + Level 0.8(0.0) Dodging
 - Level 3.0(1.8) Stealth
   Level 1.0(0.0) Shields
 - Level 4.0(2.7) Spellcasting
 - Level 5.3(4.0) Conjurations
 - Level 3.1(1.9) Summonings
   Level 1.0(0.0) Transmutations
 - Level 3.3(2.1) Fire Magic
 - Level 4.3(3.1) Air Magic
 - Level 3.0(1.8) Earth Magic
 - Level 4.6(3.4) Poison Magic


You had 5 spell levels left.
You knew the following spells:

 Your Spells              Type           Power        Failure   Level  Hunger
a - Sandblast             Erth           #.....       9%          1    #......
b - Magic Dart            Conj           ###.         3%          1    #......
c - Call Imp              Summ           #.......     13%         2    ##.....
d - Conjure Flame         Conj/Fire      ##......     16%         3    ###....
e - Mephitic Cloud        Conj/Pois/Air  ##......     14%         3    ###....


Dungeon Overview and Level Annotations

Branches:
Dungeon (7/15)             Temple (1/1) D:4

Altars:
Ashenzari
Cheibriados
Dithmenos
Elyvilon
Fedhas
Gozag
Kikubaaqudgha
Makhleb
Okawaru
Ru
Sif Muna
Trog
Uskayaw
Wu Jian
Xom
Yredelemnul
Zin
The Shining One

Annotations:
D:3 MydosGodOfBeginnings's ghost, amateur SpAs
D:5 Menkaure; Sigmund
D:7 Duvessa


Innate Abilities, Weirdness & Mutations

You cannot wear most types of armour.
You are very stealthy in the water. (Stealth+)
You are amphibious.
You can wear up to eight rings at the same time.
You can use your tentacles to constrict eight enemies at once.
Your skin changes colour to match your surroundings (Stealth+).
Your rubbery body absorbs attacks. (AC +1, EV +1)


Message History

The blast of sand hits Duvessa.
Duvessa is moderately wounded.
g - 86 stones Duvessa is engulfed in blazing flames.
Duvessa hits you with a rapier of draining!
* * * LOW HITPOINT WARNING * * *
You feel drained.
* * * LOW HITPOINT WARNING * * *
Okay, then.
Okay, then.
It was a potion of might.
You feel very mighty all of a sudden.
Duvessa is engulfed in blazing flames.
Duvessa hits you with a rapier of draining.
* * * LOW HITPOINT WARNING * * *
You feel drained.
* * * LOW HITPOINT WARNING * * *
Duvessa is engulfed in blazing flames.
Duvessa hits you with a rapier of draining!
You die...

#.## #.... # ...
#.... #.# #.###..##
#.####...<..##
..............
............###
#.#........#5.##
####..##.....#.##...
##.e@.........#...##.
#..##.###.....###.###
###.## .# #.....
##..## ###...# .#
#.#### #.....
##...#####.###.#
#..#.## #..###
#..##..# #..##.##
#.## #.##...####.#
#...
#.#######.#..#......#
###.
#.......e...#...#####
##


You could see Duvessa (berserk).

Vanquished Creatures
  A hippogriff (D:7)
  2 ice beasts
  2 bullfrogs
  2 crimson imps (D:6)
  2 bullfrog zombies
  A hound (D:6)
  A jelly (D:6)
  An orc priest (D:5)
  A bullfrog skeleton (D:5)
  An iguana (D:4)
  2 orc wizards
  A worker ant (D:6)
  4 adders
  3 gnolls (D:6)
  A shadow imp (D:5)
  2 oozes
  A dart slug (D:4)
  4 leopard geckos
  2 orcs (D:5)
  5 giant cockroaches
  3 goblins
  5 hobgoblins
  4 jackals (D:5)
  A quokka (D:6)
  A ball python (D:6)
  6 bats
  4 frilled lizards
  7 kobolds
  4 rats
  3 rat zombies (D:6)
  2 plants
79 creatures vanquished.

Vanquished Creatures (collateral kills)
  The ghost of Shinoi the Conjurer, a novice OpCj (D:5)
  A hungry ghost (D:7)
  An ogre (D:4)
  A phantom (D:7)
  A bullfrog (D:7)
  A gnoll sergeant (D:6)
  Dowan (D:7)
  A crimson imp (D:4)
  An iguana (D:4)
  7 adders
  An ooze (D:2)
  2 bats (D:3)
  2 hobgoblins (D:2)
  A jackal (D:5)
  A kobold (D:1)
  A frilled lizard (D:1)
  A rat (D:2)
25 creatures vanquished.

Vanquished Creatures (others)
  2 plants (D:2)
2 creatures vanquished.

Grand Total: 106 creatures vanquished

Notes
Turn   | Place    | Note
-------+----------+-------------------------------------------
     0 | D:1      | Leszczynek the Octopode Wanderer began the quest for the Orb.
     0 | D:1      | Leszczynek set off with: a book of Minor Magic, the Reference Book on Displacement, the Papyrus of Stones, a bread ration, a +0 dagger
     0 | D:1      | Reached XP level 1. HP: 11/11 MP: 5/5
     0 | D:1      | 10/14/12 (3/4/5)
     0 | D:1      | ooh, here it comes, the rare spellcaster start
     0 | D:1      | i even got points in spellcasting, unbelievable
     0 | D:1      | seems like it's a wizard start with lower int
     2 | D:1      | Identified the Papyrus of Stones
     2 | D:1      | Identified the Reference Book on Displacement
     2 | D:1      | Identified the Papyrus of Stones
     2 | D:1      | Identified the Reference Book on Displacement
     4 | D:1      | Learned a level 1 spell: Sandblast
     4 | D:1      | Identified the Papyrus of Stones
     4 | D:1      | Identified the Reference Book on Displacement
     6 | D:1      | Learned a level 1 spell: Magic Dart
   193 | D:1      | Reached skill level 2 in Stealth
   481 | D:1      | Reached skill level 3 in Stealth
   481 | D:1      | Reached XP level 2. HP: 9/17 MP: 0/7
   490 | D:1      | Learned a level 2 spell: Call Imp
   845 | D:1      | Reached skill level 1 in Summonings
   880 | D:1      | XD
   880 | D:1      | -6 slaying ring
  1094 | D:2      | Found an ornate altar of the Wu Jian Council.
  1238 | D:2      | Reached XP level 3. HP: 14/21 MP: 5/8
  1434 | D:2      | Learned a level 3 spell: Conjure Flame
  1535 | D:2      | Reached skill level 2 in Summonings
  1554 | D:2      | the fuck is this shit
  2367 | D:3      | Found a sacrificial altar of Ru.
  2434 | D:3      | Reached skill level 1 in Conjurations
  2485 | D:3      | Reached XP level 4. HP: 27/27 MP: 7/10
  2580 | D:3      | Noticed MydosGodOfBeginnings's ghost (amateur SpAs)
  2581 | D:3      | gee, sp ghost
  2581 | D:3      | how nice
  2642 | D:3      | Learned a level 3 spell: Mephitic Cloud
  2757 | D:3      | Reached skill level 3 in Summonings
  2951 | D:4      | Found a staircase to the Ecumenical Temple.
  2973 | D:4      | Reached skill level 2 in Conjurations
  2973 | D:4      | Reached XP level 5. HP: 23/31 MP: 3/11
  2983 | Temple   | Entered the Ecumenical Temple
  3112 | Temple   | Became a worshipper of Sif Muna the Loreminder
  3146 | D:4      | Noticed an ogre
  3217 | D:4      | Killed an ogre
  3217 | D:4      | Reached skill level 1 in Fire Magic
  3217 | D:4      | Reached skill level 1 in Air Magic
  3217 | D:4      | Reached skill level 1 in Poison Magic
  3343 | D:4      | Found a white marble altar of Elyvilon.
  3343 | D:4      | Noticed an ice beast
  3565 | D:4      | Found a glowing golden altar of the Shining One.
  3596 | D:4      | Reached skill level 2 in Poison Magic
  3760 | D:5      | Entered Level 5 of the Dungeon
  3825 | D:5      | Reached XP level 6. HP: 36/36 MP: 5/12
  3854 | D:5      | Reached skill level 2 in Fire Magic
  3950 | D:5      | Noticed Shinoi's ghost (novice OpCj)
  3954 | D:5      | ow
  3954 | D:5      | magic dart for 14 damage?
  3954 | D:5      | WHAT
  3954 | D:5      | no fucking way
  3955 | D:5      | half an hour of looking at the code later i still don't get how this shit work
  3955 | D:5      | except i figured out it should deal 3d4 damage for this ghots
  3955 | D:5      | which obviously doesn't match the damage done
  3955 | D:5      | fuck this shit
  3961 | D:5      | ow
  3963 | D:4      | ow
  4317 | D:5      | Upgraded the game from 0.20-a0-1124-g2e29d97 to 0.20-a0-1126-g0f15420
  4366 | D:5      | HP: 6/36 [Shinoi's ghost/magic dart (5)]
  4368 | D:5      | HP: 2/36 [Shinoi's ghost/magic dart (9)]
  4376 | D:5      | Killed Shinoi's ghost
  4376 | D:5      | Reached skill level 3 in Fire Magic
  4376 | D:5      | Reached skill level 2 in Air Magic
  4376 | D:5      | Reached skill level 3 in Poison Magic
  4377 | D:5      | jesus christ
  4379 | D:5      | magic dart ghosts are no fucking joke
  4506 | D:5      | Noticed Sigmund
  4683 | D:5      | Reached XP level 7. HP: 41/41 MP: 6/13
  4703 | D:5      | Found an iron altar of Okawaru.
  4718 | D:5      | Reached * piety under Sif Muna
  4791 | D:5      | Noticed Menkaure
  4973 | D:5      | Reached skill level 3 in Conjurations
  5366 | D:4      | Reached skill level 3 in Air Magic
  5374 | D:4      | Reached skill level 4 in Poison Magic
  5426 | D:6      | here we go again
  5426 | D:6      | 3 stairs almost next to each other
  5775 | D:6      | Reached skill level 4 in Conjurations
  5833 | D:6      | Reached XP level 8. HP: 30/46 MP: 1/14
  5978 | D:6      | Found a shadowy altar of Dithmenos.
  5987 | D:6      | Found a blossoming altar of Fedhas.
  6172 | D:6      | Found a basalt altar of Yredelemnul.
  6219 | D:6      | Found an ancient bone altar of Kikubaaqudgha.
  6609 | D:7      | Reached skill level 1 in Fighting
  6912 | D:7      | Noticed a hippogriff
  6925 | D:7      | Killed a hippogriff
  6925 | D:7      | Reached skill level 2 in Fighting
  6925 | D:7      | Reached skill level 5 in Conjurations
  6925 | D:7      | Reached skill level 4 in Air Magic
  6950 | D:7      | Reached skill level 3 in Fighting
  7039 | D:7      | Noticed Dowan
  7057 | D:7      | Killed Dowan
  7107 | D:7      | Noticed Duvessa
  7124 | D:7      | HP: 8/54 [Duvessa/rapier of draining (5)]
  7125 | D:7      | HP: 3/54 [Duvessa/rapier of draining (5)]
  7125 | D:7      | Demolished by Duvessa

Vault maps used:
D:1:      elethiomel_arrival_maze, serial_bayou_pond_c
D:2:      nicolae_overflow_crystal_walls, serial_forest,
          infiniplex_forest_clump_double, infiniplex_forest_clump_small,
          infiniplex_forest_split, infiniplex_forest_lined_2,
          infiniplex_forest_corner_1, infiniplex_forest_lined_room_3,
          infiniplex_forest_straight_5, serial_park_tiny_pond
D:3:      nicolae_ru_awakened_eye, old_standard_altar
D:4:      elyvilon_altar_5, minmay_temple_entry_glass, first_bread,
          nicolae_tso_carved_into_rock
D:5:      kennysheep_little_box, kennysheep_generic_room_15, uniq_sigmund,
          uniq_menkaure
D:6:      yredelemnul_altar_generic, lemuel_zombie_altar_kikubaaqudgha,
          fedhas_altar_1, grunt_dithmenos_smoke_and_mirrors
D:7:      uniq_duvessa
Temple:   minmay_temple_curvy_loop

Skill      XL: |  1  2  3  4  5  6  7  8 |
---------------+-------------------------+-----
Stealth        | 3 |  3.0
Summonings     | 1 2 3 |  3.1
Conjurations   | 1 2 4 5 |  5.3
Fire Magic     | 1 3 |  3.3
Air Magic      | 1 2 3 4 |  4.3
Poison Magic   | 2 3 4 |  4.6
Fighting       | 3 |  3.7
Dodging        | |  0.8
Shields        | |  1.0
Spellcasting   | |  4.0
Transmutations | |  1.0
Earth Magic    | |  3.0

Action                   |  1- 3 |  4- 6 |  7- 9 || total
-------------------------+-------+-------+-------++-------
Melee: Dagger            |    38 |       |       ||    38
       Tentacles         |    15 |     4 |    19 ||    38
       Constrict         |    10 |     7 |    22 ||    39
       Whip              |    50 |    34 |    87 ||   171
       Spear             |       |       |    13 ||    13
 Cast: Magic Dart        |    34 |    15 |     4 ||    53
       Sandblast         |     8 |    25 |    50 ||    83
       Call Imp          |    10 |    27 |    17 ||    54
       Conjure Flame     |       |       |     8 ||     8
       Mephitic Cloud    |       |       |     1 ||     1
  Use: Scroll            |     2 |     1 |       ||     3
       Potion            |       |     4 |     2 ||     6
 Stab: Sleeping          |     6 |     3 |     5 ||    14
       Distracted        |       |     1 |     1 ||     2
  Eat: Chunk             |     5 |     6 |    10 ||    21
       Royal jelly       |       |     1 |     1 ||     2
Armor: Skin              |     3 |     1 |    21 ||    25
Dodge: Dodged            |    36 |    30 |    83 ||   149
